 Dungeon Crawl Stone Soup version 0.32-a0-470-g255bbe2f98 (webtiles) character file.

Game seed: 1028063747522705973

72 CrazyBamboolord the Grave Robber (level 4, 0/36 HPs)
             Began as a Mountain Dwarf Necromancer on Feb 24, 2024.
             Succumbed to an adder's poison
             ... on level 1 of the Dungeon on Feb 25, 2024.
             The game lasted 00:04:03 (1540 turns).

CrazyBamboolord the Grave Robber (MDNe)             Turns: 1540, Time: 00:04:04

Health: 0/36       AC:  3    Str: 10 (11) XL:     4   Next: 6%
Magic:  1/7        EV: 11    Int: 14 (15) God:
Gold:   31         SH:  0    Dex:  6 (8)  Spells: 3/7 levels left

rFire   . . .        i - +0 short sword (venom)
rCold   . . .        (no shield)
rNeg    . . .        k - +0 leather armour
rPois   +            (no helmet)
rElec   .            (no cloak)
rCorr   .            (no gloves)
SInv    .            (no boots)
Will    +....        (no amulet)
Stlth   +            (no ring)
HPRegen 0.26/turn    (no ring)
MPRegen 0.10/turn

%: clarity
@: lethally poisoned (0 -> -1), enlightened, flying, invisible
A: runic magic, artefact enchanting, clarity, clumsy 1, dopey 1, poison
resistance
a: no special abilities


You were on level 1 of the Dungeon.
You visited 1 branch of the dungeon, and saw 2 of its levels.

You collected 31 gold pieces.

Inventory:

Hand Weapons
 i - a +0 short sword of venom (weapon)
Missiles
 c - 14 stones
 g - 3 poisoned darts
Armour
 k - a +0 leather armour (worn)
Jewellery
 e - an amulet of faith
Potions
 b - a potion of magic
 d - a potion of enlightenment


   Skills:
 * Level 2.2 Fighting
 * Level 2.2 Armour
 - Level 1.3 Dodging
 - Level 1.4 Stealth
 + Level 2.1 Spellcasting
 + Level 4.7 Necromancy


You had 3 spell levels left.
You knew the following spells:

 Your Spells              Type           Power      Damage    Failure   Level
a - Necrotise             Necr           56%        1d6       3%          1
b - Vampiric Draining     Necr           14%        2d7       11%         3

Your spell library contained the following spells:

 Spells                   Type           Power      Damage    Failure   Level
 Animate Dead             Necr           14%        N/A       34%         4
 Curse of Agony           Necr           14%        N/A       69%         5


Dungeon Overview and Level Annotations

Branches:
Dungeon (2/15)

Altars:

Shops:
D:1 [


Innate Abilities, Weirdness & Mutations

Your spellcasting is much less encumbered by armour.
You can use scrolls of enchantment on lesser artefacts.
You possess an exceptional clarity of mind.
You are clumsy. (Dex -2)
You are dopey. (Int -2)
Your system is resistant to poisons. (rPois)


Message History

You feel sick. The adder bites you.
* * * LOW HITPOINT WARNING * * *
You miss the adder.
The adder is severely wounded.
You feel sick. The adder bites you.
* * * LOW HITPOINT WARNING * * *
You are more poisoned.
The adder poisons you!
You hit the adder but do no damage.
The adder is poisoned.
The adder is severely wounded.
* * * LOW HITPOINT WARNING * * *
You feel sick. The adder closely misses you. The adder barely misses you.
It was a potion of enlightenment.
You feel very buoyant.
You fly up into the air.
* * * LOW HITPOINT WARNING * * *
You feel sick. The adder closely misses you.
It was a potion of mutation.
You feel extremely strange.
You feel resistant to poisons.
You feel stupid.
You feel clumsy.
Your thoughts seem clearer.
* * * LOW HITPOINT WARNING * * *
You feel sick. The adder bites you.
* * * LOW HITPOINT WARNING * * *
It was a potion of invisibility.
You fade into invisibility!
* * * LOW HITPOINT WARNING * * *
You feel sick. The adder bites you but does no damage.
The adder closely misses you.
It was a potion of degeneration.
There was something very wrong with that liquid.
You feel weakened.
You feel dopey.
You feel clumsy.
* * * LOW HITPOINT WARNING * * *
You feel sick. The adder barely misses you.
You barely miss the adder.
The adder is severely wounded.
* * * LOW HITPOINT WARNING * * *
You feel sick. The adder bites you but does no damage.
You hit the adder but do no damage.
The adder looks as sick as possible!
The adder is severely wounded.
You die...

#.# #.# ########.##
#.........#
#.........# #######
#.........###......
#.........#...####.
#................#.
#.@.......#...##...
#.S.......###.####.
#.........# #......
#>........# #######
##......#########
#.######.......#
#.# #.......# #.#
#.......### #.#
#..........


You could see an adder (unable to see you, extremely poisoned).

Vanquished Creatures
  An iguana (D:2)
  An adder (D:2)
  A ball python (D:2)
  5 endoplasms
  2 giant cockroaches (D:1)
  2 goblins (D:1)
  3 hobgoblins (D:1)
  3 jackals
  3 quokkas
  3 frilled lizards (D:1)
  4 kobolds
  A rat (D:1)
29 creatures vanquished.

Vanquished Creatures (collateral kills)
  A ribbon worm (D:2)
  A kobold (D:2)
2 creatures vanquished.

Grand Total: 31 creatures vanquished

Notes
Turn   | Place    | Note
-------+----------+-------------------------------------------
     0 | D:1      | CrazyBamboolord the Mountain Dwarf Necromancer began the
                  | quest for the Orb.
     0 | D:1      | Reached XP level 1. HP: 14/14 MP: 3/3
     0 | D:1      | Upgraded the game from 0.32-a0-460-gc8eefc90e7 to
                  | 0.32-a0-470-g255bbe2f98
   241 | D:1      | Reached skill level 1 in Armour
   241 | D:1      | Reached XP level 2. HP: 22/22 MP: 1/4
   386 | D:1      | Reached skill level 1 in Fighting
   546 | D:1      | Found Zeituc's Antique Armour Boutique.
  1359 | D:2      | Reached XP level 3. HP: 28/28 MP: 3/6
  1363 | D:2      | Learned a level 3 spell: Vampiric Draining
  1391 | D:2      | Noticed an ogre
  1521 | D:2      | Reached XP level 4. HP: 14/36 MP: 0/7
  1536 | D:1      | Gained mutation: Your system is resistant to poisons.
                  | (rPois) [potion of mutation]
  1536 | D:1      | Gained mutation: You are dopey. (Int -2) [potion of
                  | mutation]
  1536 | D:1      | Gained mutation: You are clumsy. (Dex -2) [potion of
                  | mutation]
  1536 | D:1      | Gained mutation: You possess an exceptional clarity of
                  | mind. [potion of mutation]
  1538 | D:1      | HP: 1/36 [poisoned by an adder]
  1540 | D:1      | Succumbed to an adder's poison

Illustrated notes

Levels and vault maps discovered:
D:1:      elethiomel_arrival_infinity_welcomes_careful_drivers,
          layout_loops_cross, serial_shops, nicolae_shop_pleasant_corner_grove
D:2:      layout_loops_ring

Skill      XL: |  1  2  3 |
---------------+----------+-----
Armour         | 1 2 |  2.2
Fighting       | 1 2 |  2.2
Spellcasting   | 2 |  2.1
Dodging        | |  1.3
Stealth        | |  1.4
Necromancy     | |  4.7

Action                     |  1- 3 |  4- 6 || total
---------------------------+-------+-------++-------
  Melee: Club              |     5 |       ||     5
         Unarmed           |     5 |       ||     5
         Short sword       |    14 |     4 ||    18
   Cast: Necrotise         |    55 |     1 ||    56
    Use: Potion            |       |     4 ||     4
 Armour: Robe              |    14 |       ||    14
         Leather armour    |    21 |     6 ||    27
  Dodge: Dodged            |    35 |     5 ||    40

Table legend: (Time is in decaauts)
 A = Elapsed time spent in this place.
 B = Non-inter-level travel time spent in this place.
 C = Inter-level travel time spent in this place.
 D = Time resting spent in this place.
 E = Time spent auto-exploring this place.
 F = Levels seen in this place.
 G = Mean time per level.
                   A        B        C        D        E       F      G
               +--------+--------+--------+--------+--------+-----+--------+
         Total |   1542 |   1410 |    132 |     92 |    970 |   2 |  771.0 |
       Dungeon |   1542 |   1410 |    132 |     92 |    970 |   2 |  771.0 |
               +--------+--------+--------+--------+--------+-----+--------+

Top non-repeatable levels by time:
     D:1: 1317 daAuts
     D:2: 225 daAuts
